Cogmind - Beta 9.5 @@@ ROGUE MODE // 2020.04.12 @ 15:31:37 Player: Irot Result: Destroyed by G-34 Mercenary with Small Laser Performance ------------- Evolutions (1) 500 Regions Visited (3) 600 Robots Destroyed (21) 105 Value Destroyed (471) 471 Prototype IDs (0) 0 Alien Tech Used (0) 0 Bonus (0) 0 TOTAL SCORE: 1676 Bonus ------- None Cogmind --------- Core Integrity 0/400 Matter 300/300 Energy 125/125 System Corruption 0% Temperature Cool (6) Movement Core (600) Ox11 Location -9/Mines Parts ------- > --- POWER (1) -------- Light Ion Engine > --- PROPULSION (2) --- (None) > --- UTILITY (4) ------ Large Storage Unit Large Storage Unit > --- WEAPON (2) ------- (None) > --- INVENTORY (16) --- Light Ion Engine Light Ion Engine Small Storage Unit Peak State ------------ > --- POWER ------------ (None) > --- PROPULSION ------- Aluminum Leg Aluminum Leg > --- UTILITY ---------- Large Storage Unit Large Storage Unit High-capacity Matter Pod Reclamation Unit > --- WEAPON ----------- Beam Rifle > --- INVENTORY -------- Light Ion Engine Light Ion Engine Light Ion Engine Small Storage Unit [Rating: 9] Favorites ----------- Power Ion Engine Engine Ion Engine Propulsion Light Treads Treads Light Treads Leg Aluminum Leg Utility Large Storage Unit Device Reclamation Unit Storage Large Storage Unit Weapon Assault Rifle Energy Gun Medium Laser Ballistic Gun Assault Rifle Build | -11 -10 -9 -9 ------- Run | Scr Mat Mat Min Slots Evolved 2 | . . 2 . Power . | . . . . Propulsion . | . . . . Utility 2 | . . 2 . Weapon . | . . . . Parts Attached 18 | 6 3 4 5 Power 2 | 1 . . 1 Engine 2 | 1 . . 1 Core . | . . . . Reactor . | . . . . Propulsion 4 | 2 . 2 . Treads 2 | 2 . . . Leg 2 | . . 2 . Wheel . | . . . . Hover . | . . . . Flight . | . . . . Utility 5 | 1 2 1 1 Device 1 | . . . 1 Storage 4 | 1 2 1 . Processor . | . . . . Hackware . | . . . . Protection . | . . . . Artifact . | . . . . Weapon 7 | 2 1 1 3 Energy Gun 4 | 1 . 1 2 Energy Cannon . | . . . . Ballistic Gun 3 | 1 1 . 1 Ballistic Cannon . | . . . . Launcher . | . . . . Special Weapon . | . . . . Impact Weapon . | . . . . Slashing Weapon . | . . . . Piercing Weapon . | . . . . Special Melee Weapon . | . . . . Unidentified Prototypes . | . . . . Parts Lost 14 | . 1 6 7 Power 1 | . . 1 . Propulsion 4 | . . 2 2 Utility 2 | . . . 2 Weapon 7 | . 1 3 3 Highest Loss Streak 4 | . 1 4 4 Average Slot Usage (%) 78 | . 90 76 57 Engine 10 | . 14 10 4 Treads 16 | . 28 11 . Leg 4 | . . 5 10 Storage 27 | . 23 33 32 Energy Gun 7 | . 9 3 4 Ballistic Gun 10 | . 14 11 4 Naked Turns . | . . . . Heaviest Build 44 | 13 29 44 43 Greatest Support 40 | 40 40 40 20 Greatest Overweight (x) 14 | 1 . 13 14 Average Overweight (x) . | . . 1 3 Largest Inventory Capacity 16 | 6 10 16 16 Average Capacity 11 | 5 7 16 16 Most Carried 9 | 4 9 7 6 Average Carried 4 | 3 4 6 3 Final Capacity 16 | 6 10 16 16 Final Carried 8 | 4 8 4 3 Class Distribution -------------------- 100% | Mutant Dominant Class ---------------- Mutant | -10/Materials Mutant | -9/Materials Mutant | -9/Mines Resources | -11 -10 -9 -9 ----------- Run | Scr Mat Mat Min Matter Collected 698 | 213 359 67 59 Remotely . | . . . . Salvage Created 582 | . 233 179 170 Parts 39 | . 17 9 13 Haulers Intercepted . | . . . . Recyclers Shooed . | . . . . Parts Field Recycled . | . . . . Retrieved Matter . | . . . . Parts Self-Destructed . | . . . . Prevented . | . . . . Kills | -11 -10 -9 -9 ------- Run | Scr Mat Mat Min Combat Hostiles Destroyed 16 | . 7 3 6 Guns 16 | . 7 3 6 Classes Destroyed 7 | . 4 1 2 Worker 1 | . 1 . . Builder 1 | . . . 1 Tunneler 1 | . . . 1 Watcher 2 | . 1 1 . Swarmer 7 | . 3 . 4 Grunt 8 | . 4 2 2 Sentry 1 | . . 1 . Best Kill Streak 5 | . 5 2 4 Combat Bots Only 4 | . 4 2 2 Max Kills in Single Turn 1 | . 1 1 1 Gunslinging . | . . . . Exploded . | . . . . Melee . | . . . . Uniques/NPCs Destroyed . | . . . . Combat | -11 -10 -9 -9 -------- Run | Scr Mat Mat Min Damage Taken 1672 | . 510 596 566 Core 518 | . 109 192 217 Absorbed by Shields . | . . . . Core Remaining (%) 78 | 100 56 . . Volleys Fired 99 | . 34 24 41 Largest 2 | . 2 2 1 Hottest 70 | . 70 40 65 Shots Fired 108 | . 41 26 41 Gun 108 | . 41 26 41 Cannon . | . . . . Launcher . | . . . . Special . | . . . . Kinetic 76 | . 34 19 23 Thermal 32 | . 7 7 18 Explosive . | . . . . Electromagnetic . | . . . . Robot Hit Streak 18 | . 17 18 10 Robot Miss Streak 4 | . 4 1 3 Penetration Max . | . . . . Secondary Targets . | . . . . Shots Hit Robots 79 | . 29 24 26 Core Hits 37 | . 13 12 12 Critical Hits . | . . . . Critical Kills . | . . . . Critical Parts Destroyed . | . . . . Melee Attacks . | . . . . Impact . | . . . . Slashing . | . . . . Piercing . | . . . . Sneak Attacks . | . . . . Combat Hostiles . | . . . . Follow-up Attacks . | . . . . Damage Inflicted 870 | . 316 225 329 Guns 866 | . 315 222 329 Cannons . | . . . . Explosions . | . . . . Melee . | . . . . Ramming 4 | . 1 3 . Kinetic 598 | . 290 160 148 Thermal 268 | . 25 62 181 Explosive . | . . . . Electromagnetic . | . . . . Impact . | . . . . Slashing . | . . . . Piercing . | . . . . Highest Corruption . | . . . . Average Corruption . | . . . . Corruption Purged . | . . . . Overload Shots . | . . . . Overflow Damage . | . . . . Projectiles . | . . . . Explosions . | . . . . Melee . | . . . . Knockbacks . | . . . . Impact . | . . . . Kinetic . | . . . . Secondary . | . . . . Self-Inflicted Damage . | . . . . Shots . | . . . . Rammed 2 | . . 1 1 Targets Rammed 4 | . 1 2 1 Kicked 1 | . . 1 . Crushed 1 | . 1 . . Highest Temperature 156 | . 81 9 156 Average Temperature 36 | . 33 5 57 Received Heat Transfer 699 | . 270 288 141 Siege Activations . | . . . . Robots Corrupted . | . . . . Combat Hostiles . | . . . . Parts Fried . | . . . . Impact Corruptions . | . . . . Robots Melted . | . . . . Combat Hostiles . | . . . . Parts Melted 2 | . . . 2 Heat Transferred 668 | . 74 150 444 Parts Sabotaged . | . . . . Parts Stolen . | . . . . Parts Stripped . | . . . . Power Chain Reactions . | . . . . Missiles Intercepted . | . . . . Alert | -11 -10 -9 -9 ------- Run | Scr Mat Mat Min Peak Influence 195 | . 195 158 113 Average Influence 61 | . 42 110 73 Maximum Alert Level . | . . . . Low Security (%) 100 | 100 100 100 100 Level 1 . | . . . . Level 2 . | . . . . Level 3 . | . . . . Level 4 . | . . . . Level 5 . | . . . . High Security . | . . . . Max Security . | . . . . Squads Dispatched 3 | . 2 1 . Investigation 1 | . . 1 . Extermination . | . . . . Reinforcement 2 | . 2 . . Assault . | . . . . Garrison . | . . . . Intercept . | . . . . Construction Impeded . | . . . . Haulers Reinforced . | . . . . Stealth | -11 -10 -9 -9 --------- Run | Scr Mat Mat Min Distress Signals 2 | . . 1 1 Communications Jammed . | . . . . Distress Signals . | . . . . Times Spotted 30 | . 9 8 13 Peak Tracking Total 5 | . 4 5 5 Tactical Retreats 3 | . . . 3 Traps | -11 -10 -9 -9 ------- Run | Scr Mat Mat Min Traps Triggered . | . . . . Indirectly . | . . . . Trap Hack Attempts . | . . . . Triggered . | . . . . Disarmed . | . . . . Reprogrammed . | . . . . Reused . | . . . . Traps Extracted . | . . . . Installed . | . . . . Triggered . | . . . . Machines | -11 -10 -9 -9 ---------- Run | Scr Mat Mat Min Machines Disabled . | . . . . Max in Single Turn . | . . . . Machines Sabotaged . | . . . . Garrisons Compromised . | . . . . Overloaded Fab Kills . | . . . . Fab Network Shutdowns . | . . . . Hacking | -11 -10 -9 -9 --------- Run | Scr Mat Mat Min Machines Accessed . | . . . . Terminals . | . . . . Fabricators . | . . . . Repair Stations . | . . . . Recycling Units . | . . . . Scanalyzers . | . . . . Garrison Access . | . . . . Total Hacks . | . . . . Successful . | . . . . Failed . | . . . . Catastrophic . | . . . . Database Lockouts . | . . . . Manual . | . . . . Terminals . | . . . . Fabricators . | . . . . Repair Stations . | . . . . Recycling Units . | . . . . Scanalyzers . | . . . . Garrison Access . | . . . . Terminal Hacks . | . . . . Fabricator Hacks . | . . . . Repair Station Hacks . | . . . . Recycling Unit Hacks . | . . . . Scanalyzer . | . . . . Garrison Access Hacks . | . . . . Unauthorized Hacks . | . . . . Terminals . | . . . . Fabricators . | . . . . Repair Stations . | . . . . Recycling Units . | . . . . Scanalyzers . | . . . . Garrison Access . | . . . . Data Cores Recovered . | . . . . Used . | . . . . Hacking Detections . | . . . . Full Trace Events . | . . . . Feedback Events . | . . . . Feedback Blocked . | . . . . Robot Schematics Acquired . | . . . . Robots Built . | . . . . Matter . | . . . . Time . | . . . . Total Robot Build Rating . | . . . . Part Schematics Acquired . | . . . . Parts Built . | . . . . Matter . | . . . . Time . | . . . . Total Part Build Rating . | . . . . Parts Repaired . | . . . . Time . | . . . . Parts Recycled . | . . . . Recycled Matter . | . . . . Retrieved Matter . | . . . . Retrieved Components . | . . . . Parts Scanalyzed . | . . . . Part Schematics Acquired . | . . . . Parts Damaged . | . . . . Bothacking | -11 -10 -9 -9 ------------ Run | Scr Mat Mat Min Used RIF Installer . | . . . . Robots Hacked . | . . . . Non-combat . | . . . . Combat . | . . . . Robot Hacks Applied . | . . . . Relay Couplers Released . | . . . . Robots Rewired . | . . . . Allies Hacked . | . . . . Hacks Repelled . | . . . . Allies | -11 -10 -9 -9 -------- Run | Scr Mat Mat Min Total Allies . | . . . . Largest Group . | . . . . Highest-Rated Group . | . . . . Highest-Rated Ally . | . . . . Total Orders . | . . . . Ally Attacks . | . . . . Total Damage . | . . . . Kills . | . . . . Allies Corrupted . | . . . . Allies Melted . | . . . . Intel | -11 -10 -9 -9 ------- Run | Scr Mat Mat Min Robot Analysis Total . | . . . . Derelict Logs Recovered . | . . . . Drone Launches . | . . . . Drone Recoveries . | . . . . Exploration | -11 -10 -9 -9 ------------- Run | Scr Mat Mat Min Turns Passed 1559 | 71 769 261 458 Spaces Moved 726 | 48 425 105 148 Core 46 | 18 . 3 25 Treads 523 | 30 425 68 . Legs 157 | . . 34 123 Wheels . | . . . . Hover . | . . . . Flight . | . . . . Fastest Speed 50 | 50 160 150 150 Average Speed 180 | 119 160 192 249 Slowest Speed 750 | 160 160 700 750 Overloaded Moves . | . . . . Propulsion Burnouts . | . . . . Robots Hopped . | . . . . Cave-ins Triggered . | . . . . Exploration Rate (%) 21 | 3 41 15 28 Regions Visited 3 Branch Regions 1 Pre-discovered Areas . | . . . . Known Exits Taken . | . . . . Unknown Exits Taken 3 | 1 1 1 . Scrap Searched 1 | . . . 1 Spaces Dug . | . . . . Terrain Destroyed . | . . . . Melee . | . . . . Projectile . | . . . . AOE . | . . . . Actions | -11 -10 -9 -9 --------- Run | Scr Mat Mat Min Total 865 | 60 472 134 199 Wait 4 | . 4 . . Move 723 | 47 424 104 148 Hop . | . . . . Pick Up 17 | 7 6 . 4 Fast Attach 3 | 3 . . . Attach 14 | 3 2 4 5 Detach . | . . . . Swap 1 | . 1 . . Drop . | . . . . Fire 99 | . 34 24 41 Melee . | . . . . Ram 2 | . . 1 1 Kick 1 | . . 1 . Crush 1 | . 1 . . Escape Stasis . | . . . . Rewire . | . . . . Trap . | . . . . Miscellaneous . | . . . . Route ------- -11/Scrapyard -10/Materials -9/Materials -9/Mines History --------- Turn | Location | Event 9 | -11/Scrapyard | Discovered new exit (range 16) 72 | -11/Scrapyard | Entered Materials 301 | -10/Materials | Build established: Mutant 427 | -10/Materials | Discovered new exit (range 14) 841 | -10/Materials | Entered another Materials area 841 | -9/Materials | Evolved 2 slots: Utility x2 1027 | -9/Materials | Lost 4 parts (2n2w) 1089 | -9/Materials | Discovered new exit (range 8) 1102 | -9/Materials | Entered Mines 1270 | -9/Mines | Core integrity fell below 50% 1344 | -9/Mines | Core integrity fell below 20% 1364 | -9/Mines | Lost 4 parts (2n1u1w) 1560 | -9/Mines | Destroyed by G-34 Mercenary with Small Laser Last Messages --------------- 01497_ 1C-ZFO(g): "Pshh... whatever." 01498_ 1C-ZFO(g): "Everyone knows a good old rocket launcher goes a long way." 01499_ 1C-ZFO(g): "Need to get rid of a swarm? Done. Need a big hole in the wall? Done." 01502_ K-01 Serf collects debris. 01505_ Lgt. Assault Rifle destroyed. 01509_ U-05 Engineer destroyed. 01514_ K-01 Serf collects debris. 01515_ Flight Unit melted. 01515_ S-10 Pest destroyed. 01516_ Acquired 8 matter. 01521_ G-34 Mercenary destroyed. 01532_ Acquired 7 matter. 01540_ T-07 Excavator sends out distress signal. 01541_ Imp. Terrain Scanner melted. 01541_ T-07 Excavator destroyed. 01545_ Particle Gun destroyed. 01545_ K-01 Serf collects debris. 01557_ Hcp. Matter Pod destroyed. Map ----- +----------------------------------------------------+ | ???????????????????????????????????????????? | | ???????????????????????????????????????????? | | ???????????????????????????????????????????? | | ???????????????????????????????????????????? | | ???????????????????????????????????????????? | | ???????????????????????????????????????????? | | ???????????????????????????????????????????? | | ???????????????????????????????????????????? | | ???????????????????????????????????????????? | | ???????????????????????????????????????????? | | ???????????????????????????????????????????? | | ???????????????????????????????????????????# | | ???????????????????????????????????????????# | | ???????????????????????????????????????????# | | ???????????????????????????????????????????# | | ???????????????????????????????????????????# | | ??????????????????????????????????????????## | | ?????????????????????????????????????????## | | ?????????????????????????????????????????# | | ?????????????????????????????????????????# | | ??????????????????????????????????????????# | | ??????????????????????????????????????????# | | ??????????????????????????????????????????# | | ??????????????????????????????????????????# | | ?????????# ##############?????????????# | | ?????????# !g%[@*!%|*g #?????????????# | | ??????????# * ########### #?????????????# | | ??????????????????????????# #???####??????# | | ??????????????????????????# #??## ##?????#% | | ??????????????????????????# #??# #?????# | | ??????????????????????????# #??# #?????# | | ??????????????????????????# #??# #?????# | | ??????????????????????????# #??# #?????# | | ??????????????????????????# #?## ##????# | | ??????????????????????????# ### ###### | | ??????????????????????????# ## % | | ??????????????????????????# %% | | ??????????????????????????##### ### | | ??????????????????????????????## #?### # | | ???????????????????????????????# #???# ## # | | ???????????????????????????????# #???# ##### | | ???????????????????????????????# ??? #???? | | ???????????????????????????????###???# #???? | | ?????????????????????????????????????# #???? | | ?????????????????????????????????????# #???? | | ?????????????????????????????????????? ????? | | ?????????????????????????????????????? ????? | | ?????????????????????????????????????? ????? | | ??????????????????????????????????????#????? | | ???????????????????????????????????????????? | +----------------------------------------------------+ Best States ------------- Heat Dissipation 28 Energy Generation 10 Energy Capacity 250 Matter Stores 500 Matter Capacity 500 Sight Range 16 Terrain Scan Density 10 Reclamation Efficiency 10 Evasion (%) 50 Recoil Reduction 2 Item Schematics ----------------- None Robot Schematics ------------------ None Fabricated ------------ Nothing Alien Tech Used ----------------- None Achievements -------------- None Challenges ------------ None Game ------ Seed VisualLaserExoskeleton Manual? 0 Play Time 00:14:26 Cumulative 10.6 hours Start 2020.04.12 @ 15:14:15 End 2020.04.12 @ 15:31:37 Sessions 1 Manual Loads 0 Difficulty Rogue Special Mode None Game No. 18 Rogue 18 Adventurer 0 Explorer 0 Win Type - Total 0 Types 0/0/0/0/0/0/0 Lore% 9 Gallery% 12 Achievement% 11 Wizard Run 0 Options --------- ASCII 0 Keyboard 0 Movement Mouse Keybinds 0 Fullscreen 1 Font 24/Smallcaps Map View 76x50 Tactical HUD 1 Map Filters NONE Filters NONE Steam 1 RUN: c878679a-e6c6-433f-8555-522086f1ad96